AoeStats
← Zumoshi

Arabia

507012975Analyzed
1v1 RM · 17d ago on Sep 16, 2026· 17m 7s· 2 players
Game mode
Random Map
Map size
Tiny (2 player)
Population
200
Speed
Normal
Resources
Standard
Victory
Conquest
Starting age
Dark Age
Ending age
Imperial Age
RankedLock teamsTeams togetherTeam positionsShared explorationLock speedFull tech treeHidden civsTurbo modeCheats
Victory
Defeat
🇨🇳 Armenians · China
1118
+17
🇮🇱 Magyars · Israel
1149
-17
grybr23
10:38 Feudal Age
11:33 Double-Bit Axe
12:43 Loom
12:53 Arson
13:18 Loom
13:19 Man-at-Arms
14:05 Long Swordsman
15:15 Scale Mail Armor
Zumoshi
7:35 Loom
10:13 Feudal Age
10:43 Double-Bit Axe
Connection lost

Rejoining the realm…

Still unreachable

The connection could not be restored.

Session expired

The server has moved on; the page needs a fresh start.